 Dungeon Crawl Stone Soup version 0.25-a0-558-g78a2afb0af (webtiles) character file.

Game seed: 2888572353316713560, levelgen mode: deterministic

186 Emblim88 the Insei (level 5, -1/34 HPs)
             Began as an Octopode Transmuter on Feb 25, 2020.
             Slain by Grinder (4 damage)
             ... while paralysed by Grinder
             ... on level 3 of the Dungeon.
             The game lasted 00:08:16 (2979 turns).

Emblim88 the Insei (Octopode Transmuter)            Turns: 2979, Time: 00:08:17

Health: -1/34      AC:  2    Str: 14    XL:     5   Next: 66%
Magic:  4/9        EV:  5    Int: 15    God:
Gold:   78         SH:  0    Dex: 17    Spells: 5/9 levels left

rFire    . . .     SeeInvis .     - Unarmed
rCold    . . .     Gourm    .   (shield currently unavailable)
rNeg     . . .     Faith    .   (helmet currently unavailable)
rPois    x         Spirit   .   (no amulet)
rElec    .         Reflect  .   p - +3 ring of strength
rCorr    .         Harm     .   (no ring)
MR       .....                  (no ring)
Stlth    ++........             (no ring)
HPRegen  0.11/turn              (no ring)
MPRegen  0.11/turn              (no ring)
                                (no ring)
                                (no ring)

@: paralysed, spider-form (expiring), very slightly contaminated
A: tiny, almost no armour, stealthy swim, (amphibious), 8 rings, (constrict 8)
a: End Transformation


You were on level 3 of the Dungeon.
You were hungry.
You were a venomous arachnid creature.
You visited 1 branch of the dungeon, and saw 3 of its levels.

You collected 78 gold pieces.

Inventory:

Hand Weapons
 m - a +1 dagger of venom
 q - a +4 quarterstaff of chaos
 s - a +0 hunting sling
 u - a +2 hand axe of freezing
Missiles
 a - 22 arrows
 e - 75 stones
 j - 7 poisoned darts (quivered)
 t - 5 sling bullets
Jewellery
 p - a +3 ring of strength (left front leg)
Scrolls
 b - a scroll of amnesia {unknown}
 d - 3 scrolls of identify {unknown}
 g - a scroll of blinking {unknown}
 h - a scroll of immolation {unknown}
 i - 2 scrolls of remove curse
 k - a scroll of fog {unknown}
 r - a scroll of enchant weapon {unknown}
Potions
 f - 3 potions of curing
 l - a potion of flight {unknown}
 n - 2 potions of mutation {unknown}
 o - a potion of magic {unknown}
 v - a potion of invisibility {unknown}
Comestibles
 c - 7 rations


   Skills:
 + Level 2.2 Fighting
 + Level 2.9 Dodging
 * Level 4.2 Unarmed Combat
 + Level 2.7 Spellcasting
 + Level 2.9 Transmutations


You had 5 spell levels left.
You knew the following spells:

 Your Spells              Type           Power        Failure   Level  Hunger
a - Beastly Appendage     Tmut           ##....       17%         1    #......
b - Spider Form           Tmut/Pois      #.........   56%         3    ###....

Your spell library contained the following spells:

 Spells                   Type           Power        Failure   Level  Hunger
 Sticks to Snakes         Tmut           ##......     24%         2    ##.....
 Ice Form                 Ice/Tmut       #.......     89%         4    #####..
 Blade Hands              Tmut           ##........   95%         5    ######.


Dungeon Overview and Level Annotations

Branches:
Dungeon (3/15)

Altars:

Annotations:
D:3 Grinder


Innate Abilities, Weirdness & Mutations

You cannot wear most types of armour.
You are very stealthy in the water. (Stealth+)
((You are amphibious.))
You can wear up to eight rings at the same time.
((You can use your tentacles to constrict eight enemies at once.))
((Your skin changes colour to match your surroundings (Stealth+).))
((Your rubbery body absorbs attacks. (AC +1, EV +1)))


Message History

You suddenly lose the ability to move!
Grinder hits you!
You writhe in agony.
Grinder gestures at you.
You shrug off the repeated paralysis!
Grinder hits you!
Grinder blinks!
Your transformation is almost over.
You can move again.
Grinder gestures at you.
You barely resist. You hit Grinder.
Grinder is lightly wounded.
Grinder gestures at you.
You suddenly lose the ability to move!
Grinder gestures at you. Pain shoots through your body!
* * * LOW HITPOINT WARNING * * *
Grinder hits you!
* * * LOW HITPOINT WARNING * * *
You writhe in agony.
You die...

####...##
#.##..##.# ..###.##
#.##.###.# #.# #.#
#........# #.# #.#
####.##### #.###+##
#.# #.##...## #.#
#.#.....## ##.#
#........## ##.5#
#.........####..s##
..........+.......#
#.........####...##
.#.......## ##..###
.##.....## ##...#
.###...## ###.# ##
##+## #.# #.# #.#
#.############.#


You could see Grinder.

Vanquished Creatures
  Crazy Yiuf (D:3)
  An orc priest (D:3)
  6 adders
  3 worms (D:2)
  3 dart slugs
  A leopard gecko (D:2)
  2 orcs (D:3)
  7 bats
  A giant cockroach (D:2)
  7 goblins
  8 hobgoblins
  2 quokkas
  3 ball pythons
  3 frilled lizards (D:2)
  5 kobolds
  8 rats
61 creatures vanquished.

Notes
Turn   | Place    | Note
-------+----------+-------------------------------------------
     0 | D:1      | Emblim88 the Octopode Transmuter began the quest for the
                  | Orb.
     0 | D:1      | Reached XP level 1. HP: 13/13 MP: 3/3
    52 | D:1      | Reached XP level 2. HP: 11/18 MP: 5/5
   696 | D:2      | Reached XP level 3. HP: 15/23 MP: 4/6
  1308 | D:2      | Reached XP level 4. HP: 29/29 MP: 5/7
  1365 | D:2      | Learned a level 3 spell: Spider Form
  2086 | D:3      | Found a runed translucent door.
  2087 | D:3      | Noticed Crazy Yiuf
  2098 | D:3      | Killed Crazy Yiuf
  2098 | D:3      | Reached skill level 4 in Unarmed Combat
  2098 | D:3      | Reached XP level 5. HP: 8/34 MP: 1/8
  2313 | D:3      | Noticed Grinder
  2968 | D:3      | Paralysed by Grinder for 6 turns
  2977 | D:3      | Paralysed by Grinder for 5 turns
  2979 | D:3      | Slain by Grinder

Levels and vault maps discovered:
D:1:      ebering_hopf_link, layout_rooms
D:2:      layout_basic, first_ration, minmay_pentomino_q4
D:3:      layout_loops_corners, uniq_crazy_yiuf_cottage, uniq_grinder

Skill      XL: |  1  2  3  4 |
---------------+-------------+-----
Fighting       | 2 |  2.2
Unarmed Combat | 4 |  4.2
Dodging        | |  2.9
Spellcasting   | |  2.7
Transmutations | |  2.9

Action                   |  1- 3 |  4- 6 || total
-------------------------+-------+-------++-------
Melee: Unarmed           |    68 |    66 ||   134
       Constrict         |    18 |    13 ||    31
       Kick              |     8 |       ||     8
       Tentacles         |    11 |     6 ||    17
       Punch             |     1 |     1 ||     2
Throw: Stone             |    32 |       ||    32
       Dart              |       |     7 ||     7
 Cast: Beastly Appendage |     9 |     1 ||    10
       Spider Form       |       |     6 ||     6
  Use: Potion            |     1 |     1 ||     2
       Scroll            |       |     1 ||     1
 Stab: Sleeping          |     5 |     9 ||    14
  Eat: Chunk             |     1 |     6 ||     7
Armor: Skin              |     4 |     3 ||     7
Dodge: Dodged            |    33 |    42 ||    75

Table legend:
 A = Non-vault XP
 B = Vault XP
 C = Vault XP percentage of total XP
 D = Non-vault monster count
 E = Vault monster count
 F = Vault count percentage of total count
                 A         B        C        D         E       F
            +---------+---------+-------+---------+---------+-------
      Total |     220 |      47 |  17.6 |      57 |       4 |   6.6
            +---------+---------+-------+---------+---------+-------
        D:1 |      21 |       0 |   0.0 |      14 |       0 |   0.0
        D:2 |     107 |       5 |   4.5 |      28 |       3 |   9.7
        D:3 |      92 |      42 |  31.3 |      15 |       1 |   6.2
            +---------+---------+-------+---------+---------+-------
